 Dungeon Crawl Stone Soup version 0.28.0 (webtiles) character file.

Game seed: 18042859292035173943

86 kiwiEater56 the Protected (level 4, -1/32 HPs)
             Began as a Gnoll Wanderer on Feb 9, 2022.
             Blown up by Ijyb (18 damage)
             ... with a mindburst bolt
             ... on level 3 of the Dungeon.
             The game lasted 00:07:34 (2616 turns).

kiwiEater56 the Protected (Gnoll Wanderer)          Turns: 2616, Time: 00:07:34

Health: -1/32      AC: 11    Str: 18    XL:     4   Next: 49%
Magic:  5/5        EV: 10    Int: 14    God:
Gold:   112        SH:  0    Dex: 10    Spells: 5/5 levels left

rFire   . . .      SeeInvis .   a - +0 war axe
rCold   . . .      Faith    .   (no shield)
rNeg    . . .      Spirit   .   c - +0 scale mail
rPois   .          Reflect  .   u - +1 helmet of the Armadillo {rElec}
rElec   +          Harm     .   (no cloak)
rCorr   .          Rampage  .   (no gloves)
Will    .....                   (no boots)
Stlth   +.........              (no amulet)
HPRegen 0.10/turn               t - +6 ring of intelligence
MPRegen 0.09/turn               (no ring)

@: no status effects
A: fangs 1, strong nose, distributed training
a: no special abilities


You were on level 3 of the Dungeon.
You visited 1 branch of the dungeon, and saw 3 of its levels.

You collected 112 gold pieces.

Inventory:

Hand Weapons
 a - a +0 war axe (weapon)
Missiles
 j - 114 stones (quivered)
 l - 18 sling bullets
 q - 4 poisoned darts
Armour
 c - a +0 scale mail (worn)
 k - a +0 buckler
 u - the +1 helmet of the Armadillo (worn) {rElec}
   (You found it on level 3 of the Dungeon)

   rElec:     It insulates you from electricity.
Jewellery
 t - a +6 ring of intelligence (left hand)
Scrolls
 d - a scroll of holy word {unknown}
 e - a scroll of silence {unknown}
 f - a scroll of torment {unknown}
 h - 3 scrolls of fear {unknown}
 i - 2 scrolls of immolation
 m - 2 scrolls of identify {unknown}
 o - a scroll of amnesia {unknown}
Potions
 b - a potion of attraction
 g - 2 potions of haste {unknown}
 n - a potion of berserk rage {unknown}
 p - 2 potions of might {unknown}
 r - a potion of cancellation {unknown}
 s - a potion of mutation {unknown}


   Skills:
 + Level 1.1 Fighting
 + Level 1.1 Short Blades
 + Level 1.1 Long Blades
 + Level 8.5 Axes
 + Level 1.1 Maces & Flails
 + Level 1.1 Polearms
 + Level 1.1 Staves
 + Level 1.1 Slings
 + Level 1.1 Bows
 + Level 1.1 Crossbows
 + Level 1.1 Throwing
 + Level 10.4 Armour
 + Level 1.1 Dodging
 + Level 2.5 Stealth
 + Level 1.1 Shields
 + Level 1.1 Unarmed Combat
 + Level 1.1 Spellcasting
 + Level 0.9 Conjurations
 + Level 0.9 Hexes
 + Level 0.9 Summonings
 + Level 0.9 Necromancy
 + Level 0.9 Translocations
 + Level 0.9 Transmutations
 + Level 0.9 Fire Magic
 + Level 0.9 Ice Magic
 + Level 0.9 Air Magic
 + Level 0.9 Earth Magic
 + Level 0.9 Poison Magic
 + Level 1.2 Invocations
 + Level 1.1 Evocations


You had 5 spell levels left.
You didn't know any spells.
Your spell library was empty.

Dungeon Overview and Level Annotations

Branches:
Dungeon (3/15)

Altars:

Annotations:
D:3 Ijyb


Innate Abilities, Weirdness & Mutations

You have very sharp teeth.
Your uncanny sense of smell can sniff out nearby items.
Your experience applies equally to all skills.


Message History

The bat closely misses you.
You slash the bat!
You kill the bat!
No target in view!
No target in view!
No target in view!
No target in view!
No target in view!
No target in view!
Found a mace.
Ijyb the Twisted Goblin comes into view.
She is wielding a +0 club and carrying a wand of mindburst (14).
Ijyb shouts!
You see here a +0 falchion.
You slash Ijyb! You bite Ijyb, but do no damage.
Ijyb is severely wounded.
Ijyb hits you with a +0 club.
You hit Ijyb. Your bite misses Ijyb.
Ijyb is severely wounded.
Ijyb screams, "I cut your head off!" Ijyb hits you but does no damage.
You barely miss Ijyb.
Ijyb is severely wounded.
Ijyb zaps a wand.
Your mind is blasted!
You hit Ijyb but do no damage. You bite Ijyb, but do no damage.
Ijyb is severely wounded.
Ijyb hits you but does no damage.
You hit Ijyb but do no damage.
Ijyb is severely wounded.
Ijyb barely misses you.
You barely miss Ijyb.
Ijyb is severely wounded.
Ijyb zaps a wand.
Your mind is blasted!
You hit Ijyb.
Ijyb is severely wounded.
Ijyb zaps a wand.
Your mind is blasted!
You hit Ijyb.
Ijyb is almost dead.
Ijyb zaps a wand.
Your mind is blasted!
Ouch! That really hurt!
You die...

. . #####.
#...).
#.....########
#.......#....#
#.......#....#
#.....g@.....#
#......#)....#
########.....#
##.#.## #...#
##.†# #..#
##########.#
#.........>#


You could see Ijyb.

Vanquished Creatures
  4 adders (D:2)
  A worm (D:2)
  3 dart slugs
  An orc (D:3)
  3 endoplasms
  A giant cockroach (D:1)
  4 jackals (D:1)
  2 quokkas
  4 ball pythons
  3 bats
  3 frilled lizards
  3 goblins
  4 kobolds
  7 rats
43 creatures vanquished.

Notes
Turn   | Place    | Note
-------+----------+-------------------------------------------
     0 | D:1      | Reached skill level 10 in Armour
     0 | D:1      | kiwiEater56 the Gnoll Wanderer began the quest for the Orb.
     0 | D:1      | kiwiEater56 set off with the following items: a +0 war axe,
                  | a potion of attraction, a +0 scale mail
     0 | D:1      | Reached XP level 1. HP: 13/13 MP: 1/1
   292 | D:1      | Reached XP level 2. HP: 19/19 MP: 2/2
   659 | D:1      | Found a faded altar of an unknown god.
  1035 | D:2      | Reached XP level 3. HP: 18/25 MP: 3/3
  1261 | D:2      | Reached skill level 1 in Invocations
  1631 | D:2      | Reached skill level 1 in Fighting
  1631 | D:2      | Reached skill level 1 in Short Blades
  1631 | D:2      | Reached skill level 1 in Long Blades
  1631 | D:2      | Reached skill level 1 in Maces & Flails
  1631 | D:2      | Reached skill level 1 in Polearms
  1631 | D:2      | Reached skill level 1 in Staves
  1631 | D:2      | Reached skill level 1 in Slings
  1631 | D:2      | Reached skill level 1 in Bows
  1631 | D:2      | Reached skill level 1 in Crossbows
  1631 | D:2      | Reached skill level 1 in Throwing
  1631 | D:2      | Reached skill level 1 in Dodging
  1631 | D:2      | Reached skill level 1 in Shields
  1631 | D:2      | Reached skill level 1 in Unarmed Combat
  1631 | D:2      | Reached skill level 1 in Spellcasting
  1631 | D:2      | Reached skill level 1 in Evocations
  1690 | D:2      | Reached XP level 4. HP: 19/32 MP: 5/5
  2540 | D:3      | Identified the +1 helmet of the Armadillo {rElec}
  2606 | D:3      | Noticed Ijyb
  2616 | D:3      | Blown up by Ijyb

Illustrated notes

Levels and vault maps discovered:
D:1:      lemuel_arrival_tunnels, layout_basic,
          hellmonk_ecumenical_altar_blasted
D:2:      layout_basic, minmay_3d_cube
D:3:      layout_basic, eat_drink_and_be_merry_uskayaw,
          nicolae_overflow_hidden_temple, uniq_ijyb

Skill      XL: |  1  2  3 |
---------------+----------+-----
Armour         | | 10.4
Invocations    | 1 |  1.2
Fighting       | 1 |  1.1
Short Blades   | 1 |  1.1
Long Blades    | 1 |  1.1
Maces & Flails | 1 |  1.1
Polearms       | 1 |  1.1
Staves         | 1 |  1.1
Slings         | 1 |  1.1
Bows           | 1 |  1.1
Crossbows      | 1 |  1.1
Throwing       | 1 |  1.1
Dodging        | 1 |  1.1
Shields        | 1 |  1.1
Unarmed Combat | 1 |  1.1
Spellcasting   | 1 |  1.1
Evocations     | 1 |  1.1
Axes           | |  8.5
Stealth        | |  2.5
Conjurations   | |  0.9
Hexes          | |  0.9
Summonings     | |  0.9
Necromancy     | |  0.9
Translocations | |  0.9
Transmutations | |  0.9
Fire Magic     | |  0.9
Ice Magic      | |  0.9
Air Magic      | |  0.9
Earth Magic    | |  0.9
Poison Magic   | |  0.9

Action                   |  1- 3 |  4- 6 || total
-------------------------+-------+-------++-------
Melee: War axe           |    90 |    44 ||   134
       Bite              |     6 |     6 ||    12
Armor: Scale mail        |    43 |    22 ||    65
Dodge: Dodged            |    35 |    18 ||    53
